 Dungeon Crawl Stone Soup version 0.30-a0-946-gec5dcfc036 (webtiles) character file.

Game seed: 17612768951107357338

413 Mesmaeker13 the Insei (level 6, -5/38 HPs)
             Began as a Vine Stalker Transmuter on Mar 26, 2023.
             Killed from afar by Edmund (13 damage)
             ... with a puff of flame
             ... on level 5 of the Dungeon.
             The game lasted 00:08:07 (4032 turns).

Mesmaeker13 the Insei (Vine Stalker Transmuter)     Turns: 4032, Time: 00:08:08

Health: -5/38      AC:  6    Str: 13    XL:     6   Next: 91%
Magic:  0/22       EV: 10    Int: 15    God:
Gold:   354        SH:  0    Dex: 14    Spells: 6/13 levels left

rFire   x . .      SeeInvis .    u - melded staff of air "Orumuz" {rElec rF++ Str+3 Stlth+}
rCold   + + +      Faith    .    (shield currently unavailable)
rNeg    . . .      Spirit   +    a - melded +0 robe
rPois   +          Reflect  .    (helmet currently unavailable)
rElec   .          Rampage  .    (cloak currently unavailable)
rCorr   +                        (gloves currently unavailable)
Will    .....                    (boots currently unavailable)
Stlth   +                        (no amulet)
HPRegen 1.06/turn                o - ring of magical power
MPRegen 0.18/turn                t - ring of resist corrosion

@: ice-form
A: freezing attack, amphibious, boosted hp, large, (fangs 2), regeneration 1,
magic shield, (antimagic bite), no potion heal 2
a: End Transformation


You were on level 5 of the Dungeon.
You were a creature of crystalline ice.
You visited 1 branch of the dungeon, and saw 5 of its levels.

You collected 354 gold pieces.

Inventory:

Missiles
 g - 13 poisoned darts (quivered)
 y - 2 throwing nets
Armour
 a - a +0 robe (melded)
Magical Staves
 k - a staff of conjuration
 u - the staff of air "Orumuz" (melded) {rElec rF++ Str+3 Stlth+}
   (You found it on level 4 of the Dungeon)

   [staff of air]

   Base accuracy: +5 Base damage: 5 Base attack delay: 1.2 This weapon's minimum
   attack delay (0.6) is reached at skill level 12.
   Str:       It affects your strength (+3).
   rF:        It greatly protects you from fire.
   rElec:     It insulates you from electricity.
   Stlth:     It makes you more stealthy.
   It falls into the 'Staves' category.
   It is a one-handed weapon.
Jewellery
 o - a ring of magical power (left front paw)
 t - a ring of resist corrosion (right front paw)
 x - the ring "Wuicol" {rF+ rC+ MP+9 Int+5}
   (You found it on level 5 of the Dungeon)

   [ring of magical power]

   Int:       It affects your intelligence (+5).
   rF:        It protects you from fire.
   rC:        It protects you from cold.
   MP:        It affects your magic capacity (+9).
Wands
 i - a wand of flame (6)
Scrolls
 c - a scroll of amnesia
 h - a scroll of fear {unknown}
 j - a scroll of poison {unknown}
 l - a scroll of butterflies {unknown}
 p - a scroll of enchant armour {unknown}
 q - a scroll of noise {unknown}
 r - a scroll of magic mapping {unknown}
 v - a scroll of identify {unknown}
Potions
 b - a potion of lignification
 d - a potion of heal wounds {unknown}
 e - a potion of invisibility {unknown}
 f - a potion of degeneration {unknown}
 m - a potion of flight {unknown}
 n - a potion of mutation {unknown}
 s - a potion of cancellation {unknown}
 w - a potion of curing {unknown}


   Skills:
 + Level 3.0 Fighting
 - Level 1.5 Dodging
 + Level 4.4 Unarmed Combat
 + Level 4.0 Spellcasting
 + Level 3.8 Transmutations
 + Level 1.1 Ice Magic


You had 6 spell levels left.
You knew the following spells:

 Your Spells              Type           Power      Damage    Failure   Level
a - Beastly Appendage     Tmut           28%        N/A       3%          1
b - Wereblood             Tmut           14%        N/A       6%          2
c - Ice Form              Ice/Tmut       10%        N/A       54%         4

Your spell library contained the following spells:

 Spells                   Type           Power      Damage    Failure   Level
 Magic Dart               Conj           12%        1d3       19%         1
 Call Imp                 Summ           3%         N/A       26%         2
 Spider Form              Tmut/Pois      8%         N/A       26%         3
 Ignite Poison            Fire/Tmut/Pois 6%         N/A       32%         3
 Dazzling Flash           Conj/Hex       6%         N/A       47%         3
 Kindle Blastsparks       Fire/Tloc/Air  6%         2d10      47%         3
 Mephitic Cloud           Conj/Pois/Air  3%         N/A       47%         3
 Agony                    Necr           3%         N/A       99%         5
 Freezing Cloud           Conj/Ice/Air   2%         6-21      99%         5
 Silence                  Hex/Air        1%         N/A       99%         5


Dungeon Overview and Level Annotations

Branches:
Dungeon (5/15)
 Temple: D:4-7

Altars:
Xom

Annotations:
D:4 Sigmund
D:5 Edmund


Innate Abilities, Weirdness & Mutations

You are a creature of crystalline ice.
You have a powerful freezing melee attack.
You are amphibious.
Your maximum health is increased.
Your armour is entirely melded.
You are incapable of wielding weapons or throwing items.
((You have extremely sharp teeth.))
Your natural rate of healing is unusually fast.
When hurt, damage is shared between your health and your magic reserves.
((Your bite disrupts and absorbs the magic of your enemies.))
Potions cannot restore your health.


Message History

Casting: Beastly Appendage (safe; 3% risk of failure)
Confirm with . or Enter, or press ? or * to list all spells.
The spell is astonishingly dangerous to miscast (54% risk of failure)!
Continue anyway?
You turn into a creature of crystalline ice.
The staff of air "Orumuz" {rElec rF++ Str+3 Stlth+} melds into your body.
Your +0 robe melds into your body.
Edmund barely misses you.
Unknown command.
You hit Edmund but do no damage.
Edmund is lightly wounded.
Edmund hits you with a +2 heavy flail!
You completely miss Edmund.
Edmund is lightly wounded.
Edmund hits you with a +2 heavy flail.
You barely miss Edmund.
Edmund is lightly wounded.
The gnoll hits you from afar with a +0 spear.
Edmund closely misses you.
You punch Edmund! You freeze Edmund.
Edmund is moderately wounded.
The gnoll hits you but does no damage.
Edmund zaps a wand.
The puff of flame hits you! The fire burns you terribly!
You hit Edmund. You freeze Edmund.
Edmund is heavily wounded.
Edmund hits you with a +2 heavy flail!
The gnoll hits you from afar with a +0 spear.
* * * LOW HITPOINT WARNING * * *
You hit Edmund. You freeze Edmund.
Edmund is heavily wounded.
Edmund zaps a wand.
The puff of flame hits you! The fire burns you terribly!
* * * LOW HITPOINT WARNING * * *
The gnoll barely misses you.
You hit Edmund. You freeze Edmund.
Edmund is severely wounded.
The gnoll looks more healthy.
Edmund closely misses you. The gnoll misses you.
Unknown command.
Okay, then.
You hit Edmund. You freeze Edmund.
Edmund is severely wounded.
Edmund zaps a wand.
The puff of flame hits you! The fire burns you terribly!
You die...

........(...............#
#
###.........#...........#
#.....<...............
#..#.#..#...#.........
..#.#..#...#.........
.........#..###.#.
###..#...#..###.#..#
....................
###...g.Y.......#...
........@...........
.###.#..##..##..#...
(.........# ..# ..
...##..(##........ . .#.
#!#w##.###..#.. #
#.#.##.# .#.. ....##.. .
..w.(....


You could see Edmund (fast, poisoned), a worm and a gnoll.

Vanquished Creatures
  A hound (D:4)
  A jelly (D:4)
  Ijyb (D:3)
  A sleepcap (D:4)
  An iguana (D:4)
  Natasha (thrice) (D:3)
  2 orc wizards
  3 gnolls
  3 adders
  3 worms (D:3)
  A dart slug (D:3)
  10 orcs
  10 ball pythons
  4 endoplasms
  A giant cockroach (D:3)
  14 goblins
  3 hobgoblins
  3 jackals (D:3)
  4 kobolds
  A quokka (D:2)
  8 bats
  3 frilled lizards
  3 rats
  A butterfly (D:3)
85 creatures vanquished.

Notes
Turn   | Place    | Note
-------+----------+-------------------------------------------
     0 | D:1      | Mesmaeker13 the Vine Stalker Transmuter began the quest for
                  | the Orb.
     0 | D:1      | Reached XP level 1. HP: 9/9 MP: 4/4
   247 | D:1      | Reached skill level 1 in Fighting
   247 | D:1      | Reached XP level 2. HP: 7/14 MP: 1/6
   313 | D:1      | You fall into a shaft and drop 1 floor!
   756 | D:1      | Reached XP level 3. HP: 11/18 MP: 3/7
  1443 | D:2      | Learned a level 2 spell: Wereblood
  1900 | D:3      | Found a shimmering altar of Xom.
  1914 | D:3      | Noticed Natasha
  1920 | D:3      | Killed Natasha
  1921 | D:3      | Gained mutation: Your natural rate of healing is unusually
                  | fast. [Vine Stalker growth]
  1921 | D:3      | Reached XP level 4. HP: 23/23 MP: 9/9
  2005 | D:3      | Found a faded altar of an unknown god.
  2210 | D:3      | Noticed Natasha
  2212 | D:3      | Reached XP level 5. HP: 21/26 MP: 10/10
  2220 | D:3      | Killed Natasha
  2468 | D:3      | Noticed Natasha
  2726 | D:3      | Killed Natasha
  2947 | D:3      | Noticed Ijyb
  2969 | D:3      | Killed Ijyb
  2970 | D:3      | Reached XP level 6. HP: 29/32 MP: 12/12
  3189 | D:4      | Noticed Sigmund
  3405 | D:4      | Learned a level 4 spell: Ice Form
  3706 | D:4      | Identified the staff of air "Orumuz" {rElec rF++ Str+3
                  | Stlth+}
  3719 | D:4      | Reached skill level 1 in Ice Magic
  3872 | D:5      | Entered Level 5 of the Dungeon
  3894 | D:5      | Identified the ring "Wuicol" {rF+ rC+ MP+9 Int+5}
  4010 | D:5      | Noticed Edmund
  4032 | D:5      | Killed from afar by Edmund

Illustrated notes

Levels and vault maps discovered:
D:1:      dpeg_arrival_tiny_i, layout_basic, fountainhead, feat_on_display
D:2:      layout_basic, minmay_misc_feat_diagonals
D:3:      kennysheep_goblin_castle, layout_basic, xom_butterflies,
          dilly_ecumenical_altar_fadedgnrine, uniq_natasha
D:4:      minmay_general_purpose_star, layout_layer_cave, minmay_starry_boxes,
          uniq_sigmund
D:5:      layout_basic, mainiacjoe_overflow_cross_hatched, uniq_edmund

Skill      XL: |  1  2  3  4  5  6 |
---------------+-------------------+-----
Fighting       | 1 2 3 |  3.0
Spellcasting   | 3 4 |  4.0
Transmutations | 3 |  3.8
Unarmed Combat | 4 |  4.4
Ice Magic      | 1 |  1.1
Dodging        | |  1.5

Action                     |  1- 3 |  4- 6 || total
---------------------------+-------+-------++-------
  Melee: Unarmed           |    52 |   124 ||   176
         Kick              |    11 |    32 ||    43
         Bite              |    11 |    19 ||    30
         Headbutt          |     7 |    22 ||    29
         Punch             |       |     5 ||     5
         Staff             |       |     7 ||     7
  Throw: Throwing net      |     1 |     2 ||     3
         Dart              |       |    16 ||    16
   Cast: Beastly Appendage |    20 |    33 ||    53
         Wereblood         |     1 |     7 ||     8
         Ice Form          |       |     1 ||     1
  Evoke: Wand              |       |     3 ||     3
    Use: Scroll            |       |     1 ||     1
   Stab: Sleeping          |     1 |       ||     1
         Held in net/web   |     1 |       ||     1
 Armour: Robe              |    10 |    23 ||    33
         Skin              |       |     1 ||     1
  Dodge: Dodged            |    28 |    95 ||   123

Table legend: (Time is in decaauts)
 A = Elapsed time spent in this place.
 B = Non-inter-level travel time spent in this place.
 C = Inter-level travel time spent in this place.
 D = Time resting spent in this place.
 E = Time spent auto-exploring this place.
 F = Levels seen in this place.
 G = Mean time per level.
                   A        B        C        D        E       F      G
               +--------+--------+--------+--------+--------+-----+--------+
         Total |   4030 |   3843 |    187 |    467 |   2536 |   5 |  806.0 |
       Dungeon |   4030 |   3843 |    187 |    467 |   2536 |   5 |  806.0 |
               +--------+--------+--------+--------+--------+-----+--------+

Top non-repeatable levels by time:
     D:3: 1437 daAuts
     D:1: 1008 daAuts
     D:2: 868 daAuts
     D:4: 555 daAuts
     D:5: 160 daAuts
